 Dungeon Crawl Stone Soup version 0.29.1-12-g30fa7ad0bf (webtiles) character file.

Game seed: 11884841863469671316

119 wingedge the Conjurer (level 4, -6/32 HPs)
             Began as a Palentonga Air Elementalist on Jan 13, 2023.
             Mangled by a wight
             ... wielding a +0 mace
              (12 damage)
             ... on level 4 of the Dungeon.
             The game lasted 00:12:06 (3606 turns).

wingedge the Conjurer (Palentonga Air Elementalist) Turns: 3606, Time: 00:12:07

Health: -6/32      AC:  4    Str: 13    XL:     4   Next: 73%
Magic:  3/7        EV:  9    Int: 18    God:
Gold:   83         SH:  0    Dex: 10    Spells: 4/7 levels left

rFire   . . .      SeeInvis +   g - +0 hand axe
rCold   . . .      Faith    .   (no shield)
rNeg    . . .      Spirit   .   a - +0 robe
rPois   .          Reflect  .   (no helmet)
rElec   .          Harm     .   (no cloak)
rCorr   .          Rampage  .   (no gloves)
Will    +....                   (no barding)
Stlth   +.........              (no amulet)
HPRegen 0.10/turn               n - ring of willpower
MPRegen 0.10/turn               (no ring)

@: no status effects
A: large, rugged brown scales 3, see invisible, deformed body, roll 1, armoured
tail
a: Rolling Charge


You were on level 4 of the Dungeon.
You visited 1 branch of the dungeon, and saw 4 of its levels.

You collected 83 gold pieces.

Inventory:

Hand Weapons
 d - a +0 war axe
 g - a +0 hand axe (weapon)
Missiles
 l - 10 boomerangs
Armour
 a - a +0 robe (worn)
Jewellery
 n - a ring of willpower (left hand)
Scrolls
 e - a scroll of brand weapon
 h - a scroll of teleportation
 p - a scroll of fog {unknown}
 q - a scroll of fear {unknown}
 t - a scroll of enchant armour {unknown}
Potions
 b - a potion of magic
 c - 5 potions of curing
 i - a potion of heal wounds
 j - a potion of flight
 k - a potion of brilliance {unknown}
 m - a potion of mutation {unknown}
 r - a potion of degeneration {unknown}
 s - a potion of attraction {unknown}
 u - a potion of resistance {unknown}


   Skills:
 + Level 0.0 Fighting
 + Level 2.3 Axes
 - Level 1.5 Dodging
 - Level 1.2 Stealth
 + Level 2.3 Spellcasting
 - Level 3.0 Conjurations
 + Level 2.6 Air Magic


You had 4 spell levels left.
You knew the following spells:

 Your Spells              Type           Power      Damage    Failure   Level
a - Shock                 Conj/Air       48%        1d6       5%          1
b - Static Discharge      Conj/Air       12%        3-5/arc   9%          2

Your spell library contained the following spells:

 Spells                   Type           Power      Damage    Failure   Level
 Swiftness                Air            11%        N/A       19%         3
 Airstrike                Air            5%         2d(1-17)  52%         4
 Chain Lightning          Conj/Air       6%         3d8       100%        9
 Fire Storm               Conj/Fire      3%         8d1       100%        9
 Shatter                  Erth           1%         3d5*      100%        9


Dungeon Overview and Level Annotations

Branches:
Dungeon (4/15)
 Temple: D:4-7

Altars:

Annotations:
D:3 2 transporters, sneakypete's ghost, weakling DsGl


Innate Abilities, Weirdness & Mutations

You are completely covered in rugged brown scales. (AC +3, +7% HP)
You have supernaturally acute eyesight. (SInv)
Armour fits poorly on your strangely shaped body.
You can roll at nearby foes to attack.
You have a long armoured tail.


Message History

Aim: a kobold, wielding a +0 club You roll forward with a clatter of scales! 3 wights come into view.
Found a scroll labelled NOEWIS QYELOI.
You closely miss the kobold. The kobold hits you but does no damage.
You barely miss the kobold. The kobold closely misses you.
You barely miss the kobold. The kobold closely misses you.
A goblin comes into view. It is wielding a +0 dagger.
You hit the kobold.
The kobold is heavily wounded.
The kobold hits you but does no damage.
You hit the kobold but do no damage.
The kobold is moderately wounded.
The kobold completely misses you. The wight barely misses you.
The kobold barely misses you. The wight hits you with a +4 falchion.
Casting: Shock (safe; 5% risk of failure)
Confirm with . or Enter, or press ? or * to list all spells.
The wight is struck by an arc of lightning.
The wight is moderately damaged.
You are struck by an arc of lightning.
The kobold is struck by an arc of lightning.
You kill the kobold!
The lightning grounds out.
The wight is struck by an arc of lightning!
The wight is heavily damaged.
The wight is struck by an arc of lightning.
The wight is moderately damaged.
The lightning grounds out.
The wight hits you with a +0 mace! The wight barely misses you.
Casting: Static Discharge (safe; 9% risk of failure)
Confirm with . or Enter, or press ? or * to list all spells.
The wight is struck by an arc of lightning.
The wight is severely damaged.
The wight is struck by an arc of lightning.
The wight is heavily damaged.
You are struck by an arc of lightning.
The lightning grounds out.
The wight hits you with a +0 mace!
* * * LOW HITPOINT WARNING * * *
The wight hits you with a +0 mace!
You die...

#.#.## #. #.... #.
##...# #. ....# #####.#
###..# ....?.. #....##
....... #.##..#
......z####.###.####.##
...$.gz@....##........#
......z#######.#.####.#
....... #.#... .......
#.###..# ....... #.#
#..# ....... #.# #.#
..##### #.# #.# .# ..
#.# #.# . #.# #.#


You could see 3 wights and a goblin.

Vanquished Creatures
  2 adders (D:2)
  3 worms
  4 dart slugs
  6 orcs (D:3)
  7 bats
  10 endoplasms
  A giant cockroach (D:1)
  6 goblins
  7 hobgoblins
  6 kobolds
  5 quokkas
  5 ball pythons
  3 frilled lizards (D:3)
  7 rats
72 creatures vanquished.

Vanquished Creatures (others)
  7 plants (D:2)
7 creatures vanquished.

Grand Total: 79 creatures vanquished

Notes
Turn   | Place    | Note
-------+----------+-------------------------------------------
     0 | D:1      | wingedge the Palentonga Air Elementalist began the quest
                  | for the Orb.
     0 | D:1      | Reached XP level 1. HP: 13/13 MP: 3/3
    11 | D:1      | Reached skill level 1 in Conjurations
   332 | D:1      | Reached XP level 2. HP: 18/20 MP: 1/5
   523 | D:1      | Reached skill level 2 in Conjurations
   783 | D:1      | Found a faded altar of an unknown god.
   818 | D:1      | Reached skill level 1 in Axes
  1131 | D:2      | Reached XP level 3. HP: 11/25 MP: 0/6
  1327 | D:2      | Learned a level 2 spell: Static Discharge
  2296 | D:2      | Reached XP level 4. HP: 29/32 MP: 2/7
  2301 | D:2      | Reached skill level 3 in Conjurations
  3149 | D:3      | Found a transporter.
  3363 | D:3      | Found a transporter.
  3367 | D:3      | Noticed sneakypete's ghost (weakling DsGl)
  3606 | D:4      | Mangled by a wight

Illustrated notes

Levels and vault maps discovered:
D:1:      spicycebolla_green_bress_n_ham, layout_basic,
          nicolae_ecumenical_lake_church, kennysheep_nondescript,
          minmay_door_square, supply_closet_lemuel
D:2:      layout_basic, serial_forest, infiniplex_forest_lined_room_,
          infiniplex_forest_end_1, infiniplex_forest_lined_room_2,
          infiniplex_forest_pool, infiniplex_forest_3_way,
          infiniplex_forest_clump_tiny, infiniplex_forest_straight_3
D:3:      layout_basic, gammafunk_ghost_mausoleum
D:4:      layout_basic, overflow_temple_1_default

Skill      XL: |  1  2  3  4 |
---------------+-------------+-----
Conjurations   | 1 2 3 |  3.0
Axes           | 1 2 |  2.3
Dodging        | |  1.5
Stealth        | |  1.2
Spellcasting   | |  2.3
Air Magic      | |  2.6

Action                   |  1- 3 |  4- 6 || total
-------------------------+-------+-------++-------
Melee: Unarmed           |    10 |       ||    10
       War axe           |     1 |       ||     1
       Hand axe          |    39 |    31 ||    70
       Tailslap          |     2 |     4 ||     6
 Cast: Shock             |    80 |    27 ||   107
       Static Discharge  |       |    10 ||    10
 Abil: Rolling Charge    |    15 |    15 ||    30
  Use: Scroll            |       |     6 ||     6
Armor: Robe              |    19 |     5 ||    24
Dodge: Dodged            |    36 |    13 ||    49
